 Dungeon Sprint DCSS version 0.26.1-11-gd32895ea62 (webtiles) character file.

Game seed: 4899055260086825433

1939 howech the Cruncher (level 8, -2/79 HPs)
             Began as a Minotaur Gladiator on June 9, 2021.
             Was a High Priest of Trog.
             Blown up by a great orb of eyes (15 damage)
             ... with a disintegration bolt
             ... while paralysed by a great orb of eyes
             ... in the Dungeon (Sprint VII: "The Pits").
             The game lasted 00:05:59 (780 turns).

howech the Cruncher (Minotaur Gladiator)             Turns: 780, Time: 00:05:59

Health: -2/79      AC: 20    Str: 21    XL:     8   Next: 98%
Magic:  6/7        EV:  2    Int:  5    God:    Trog [*****.]
Gold:   0          SH:  0    Dex: 15    Spells: 7/7 levels left

rFire    . . .     SeeInvis .   x - +4 quarterstaff (speed)
rCold    . . .     Faith    .   (shield currently unavailable)
rNeg     . . .     Spirit   .   v - +4 chain mail
rPois    .         Reflect  .   c - +0 hat
rElec    .         Harm     .   w - +0 cloak
rCorr    .         Rampage  .   (no gloves)
Will     .....     NoTele   +   (no boots)
Stlth    ..........             (no amulet)
HPRegen  0.23/turn              s - +3 ring of dexterity
MPRegen  0.10/turn              t - +3 ring of protection

@: paralysed, berserk cooldown, slowed
A: retaliatory headbutt, horns 2
a: Renounce Religion, Berserk, Trog's Hand, Brothers in Arms


You were in the Dungeon.
You worshipped Trog.
Trog was extremely pleased with you.
You visited 1 branch

Inventory:

Hand Weapons
 a - a +0 quarterstaff
 k - a +2 quarterstaff
 l - a +2 hand axe
 r - a +0 vorpal triple sword
 x - a +4 quarterstaff of speed (weapon)
 y - a +2 vorpal war axe
Missiles
 d - 3 throwing nets (quivered)
Armour
 b - a +0 leather armour
 c - a +0 hat (worn)
 q - a +3 scale mail
 v - a +4 chain mail (worn)
 w - a +0 cloak (worn)
Jewellery
 s - a +3 ring of dexterity (left hand)
 t - a +3 ring of protection (right hand)
Scrolls
 j - a scroll of blinking
 n - 3 scrolls of remove curse
 o - 5 scrolls of amnesia
 p - a scroll of summoning
Potions
 e - 8 potions of curing
 f - 7 potions of heal wounds
 g - a potion of haste
 h - 4 potions of magic
 i - 4 potions of berserk rage
 m - a potion of invisibility
 u - a potion of might


   Skills:
 + Level 10.2 Fighting
 + Level 9.8 Axes
 + Level 10.5 Staves
 + Level 8.5 Throwing
 + Level 9.9 Armour
 + Level 9.7 Dodging


You had 7 spell levels left.
You didn't know any spells.
Your spell library was empty.

Dungeon Overview and Level Annotations

Branches:
Dungeon (1/1)

Altars:
Cheibriados
Dithmenos
Elyvilon
Fedhas
Gozag
Hepliaklqana
Makhleb
Nemelex Xobeh
Okawaru
Qazlal
Ru
Sif Muna
Trog
Vehumet
Wu Jian
Xom
Yredelemnul
Zin
The Shining One
Beogh
Jiyva
Lugonu


Innate Abilities, Weirdness & Mutations

You reflexively headbutt those who attack you in melee.
You have a pair of horns on your head.


Message History

The great orb of eyes gazes at you.
You struggle to resist.
The soldier ant closely misses you. You furiously retaliate!
You headbutt the soldier ant.
The great orb of eyes bites you but does no damage.
You completely miss the great orb of eyes.
You headbutt the great orb of eyes.
The great orb of eyes is heavily wounded.
You sock the great orb of eyes! You headbutt the great orb of eyes!
The great orb of eyes is severely wounded.
The great orb of eyes gazes at you.
You suddenly lose the ability to move!
The great orb of eyes bites you.
* * * LOW HITPOINT WARNING * * *
The great orb of eyes bites you.
* * * LOW HITPOINT WARNING * * *
The great orb of eyes gazes at you.
You struggle to resist.
The great orb of eyes gazes at you.
You are blasted!
You die...

###.##................+
.....'................+
'#####......#..#......#
.#[.##......).........#
.#))#####'#####''#####
##))##.......##''#
.#))##.......##..##
.#..##.......##...##
.#'###...<...###@..##+##.
....##.......# ##G.......
....##.......###..###+###
######.......##..## .#..
##########..+
.#.############..##
.#.#....#....###..#
##†#....#..[[# ##....G...
.#.'....'..))# ...##+##.


You could see a great orb of eyes.

Vanquished Creatures
  A harpy (shapeshifter) (D)
  An ice devil (D)
  A flying skull (D)
  A spriggan (D)
  A shadow (D)
  A water moccasin (D)
  A floating eye (D)
  An orc warrior (D)
  An ice beast (D)
  A sky beast (D)
  2 black bears (D)
  Blork the orc (D)
  A scorpion (D)
  An orc priest (D)
  A worker ant (D)
  A mummy (D)
  A white imp (D)
  3 ufetubi (D)
  An adder zombie (D)
  A leopard gecko (D)
  3 orcs (D)
  A hobgoblin (D)
  2 jackals (D)
  A bat (D)
  A quokka skeleton (D)
31 creatures vanquished.

Notes
Turn   | Place    | Note
-------+----------+-------------------------------------------
     0 | D        | howech the Minotaur Gladiator began the quest for the Orb.
     0 | D        | Reached XP level 1. HP: 18/18 MP: 0/0
    39 | D        | Found a glowing golden altar of the Shining One.
    39 | D        | Found a glowing silver altar of Zin.
    39 | D        | Found a basalt altar of Yredelemnul.
    39 | D        | Found a shimmering altar of Xom.
    39 | D        | Found an ornate altar of the Wu Jian Council.
    39 | D        | Found a bloodstained altar of Trog.
    39 | D        | Found a shimmering blue altar of Sif Muna.
    39 | D        | Found a sacrificial altar of Ru.
    39 | D        | Found a stormy altar of Qazlal.
    39 | D        | Found an iron altar of Okawaru.
    39 | D        | Found a sparkling altar of Nemelex Xobeh.
    39 | D        | Found a burning altar of Makhleb.
    39 | D        | Found a viscous altar of Jiyva.
    39 | D        | Found a hazy altar of Hepliaklqana.
    39 | D        | Found an opulent altar of Gozag.
    39 | D        | Found a blossoming altar of Fedhas.
    39 | D        | Found a white marble altar of Elyvilon.
    39 | D        | Found a shadowy altar of Dithmenos.
    39 | D        | Found a snail-covered altar of Cheibriados.
    41 | D        | Found a corrupted altar of Lugonu.
    41 | D        | Found a radiant altar of Vehumet.
    41 | D        | Found a roughly hewn altar of Beogh.
    42 | D        | Became a worshipper of Trog the Wrathful
    49 | D        | Noticed a floating eye
    53 | D        | Reached skill level 1 in Axes
    53 | D        | Reached skill level 1 in Armour
    53 | D        | Paralysed by a floating eye for 2 turns
    56 | D        | Killed a floating eye
    57 | D        | Reached skill level 5 in Staves
    57 | D        | Reached skill level 5 in Dodging
    57 | D        | Reached XP level 2. HP: 27/28 MP: 1/1
    57 | D        | Reached XP level 3. HP: 33/35 MP: 2/2
    57 | D        | Reached XP level 4. HP: 39/41 MP: 3/3
    63 | D        | Reached * piety under Trog
    67 | D        | Reached skill level 5 in Fighting
    73 | D        | Reached ** piety under Trog
    94 | D        | Reached XP level 5. HP: 25/48 MP: 4/4
    95 | D        | Reached *** piety under Trog
   278 | D        | Noticed a flying skull
   278 | D        | Noticed Blork the orc
   279 | D        | Noticed a sky beast
   282 | D        | Noticed an orc warrior
   292 | D        | Killed a sky beast
   293 | D        | Reached skill level 5 in Axes
   293 | D        | Reached skill level 5 in Throwing
   293 | D        | Reached skill level 5 in Armour
   295 | D        | Killed a flying skull
   296 | D        | Reached XP level 6. HP: 60/60 MP: 5/5
   297 | D        | Killed an orc warrior
   297 | D        | Reached **** piety under Trog
   299 | D        | Killed Blork the orc
   308 | D        | Reached XP level 7. HP: 64/67 MP: 6/6
   309 | D        | Reached ***** piety under Trog
   404 | D        | Noticed a shadow
   409 | D        | Killed a shadow
   559 | D        | Reached XP level 8. HP: 78/78 MP: 7/7
   561 | D        | Received a gift from Trog
   574 | D        | Noticed a harpy
   575 | D        | Noticed an ice devil
   579 | D        | Killed a harpy
   580 | D        | Reached skill level 10 in Staves
   599 | D        | Killed an ice devil
   600 | D        | Reached skill level 10 in Fighting
   746 | D        | Noticed a great orb of eyes
   758 | D        | Paralysed by a great orb of eyes for 3 turns
   776 | D        | Paralysed by a great orb of eyes for 6 turns
   780 | D        | Blown up by a great orb of eyes

Illustrated notes

Levels and vault maps discovered:
D:        pitsprint [storerooms_1, entrance_room_1, metal_vault_5, armoury_1,
          mini_pit_1, grid_room_1, main_hall_1, silver_pit, the_coven_2,
          the_vestibule_1, steel_vault_2, golden_pit, hallway_of_sentries,
          crystal_vault_1, iron_vault_4, final_vault]

Skill      XL: |  1  2  3  4  5  6  7  8 |
---------------+-------------------------+-----
Fighting       | 4 5 7 9 10 | 10.2
Axes           | 3 4 6 7 8 9 |  9.8
Staves         | 5 6 7 8 9 10 | 10.5
Armour         | 4 6 7 8 9 |  9.9
Throwing       | 4 5 6 7 8 |  8.5
Dodging        | 5 6 7 8 9 |  9.7

Action                   |  1- 3 |  4- 6 |  7- 9 || total
-------------------------+-------+-------+-------++-------
Melee: Quarterstaff      |     6 |    36 |    66 ||   108
       Headbutt          |       |     8 |    21 ||    29
Invok: Trog's Hand       |       |     1 |     2 ||     3
       Berserk           |       |     1 |     1 ||     2
  Use: Potion            |       |     1 |     5 ||     6
 Stab: Invisible         |       |     3 |       ||     3
Armor: Leather armour    |     1 |     7 |       ||     8
       Scale mail        |       |     1 |    12 ||    13
       Chain mail        |       |       |    11 ||    11
Dodge: Dodged            |     7 |    35 |    39 ||    81
